 Dungeon Crawl Stone Soup version 0.28.0-53-g5a82cb258f (webtiles) character file.

Game seed: 5021213556941720976

246 Gabide the Skirmisher (level 5, -3/44 HPs)
             Began as a Mummy Berserker on June 19, 2022.
             Was a Priest of Trog.
             Killed from afar by Sigmund (8 damage)
             ... with a puff of flame
             ... on level 4 of the Dungeon.
             The game lasted 00:04:04 (4523 turns).

Gabide the Skirmisher (Mummy Berserker)             Turns: 4523, Time: 00:04:05

Health: -3/44      AC:  7    Str: 22    XL:     5   Next: 84%
Magic:  5/5        EV: 11    Int:  7    God:    Trog [***...]
Gold:   61         SH:  0    Dex: 11    Spells: 4/4 levels left

rFire   . . .      SeeInvis .     - Unarmed
rCold   + . .      Faith    .   (no shield)
rNeg    + + +      Spirit   .   c - +2 leather armour {rF+}
rPois   ∞          Reflect  .   (no helmet)
rElec   .          Harm     .   b - +0 cloak
rCorr   .          Rampage  .   e - +0 pair of gloves
Will    ++...                   (no boots)
Stlth   +.........              (no amulet)
HPRegen 1.14/turn               (no ring)
MPRegen 0.09/turn               (no ring)

@: strong-willed, regenerating
A: cold resistance 1, negative energy resistance 3, torment resistance 2, heat
vulnerability 1, no potions
a: Renounce Religion, Trog's Hand


You were on level 4 of the Dungeon.
You worshipped Trog.
Trog was most pleased with you.
You visited 1 branch of the dungeon, and saw 5 of its levels.

You collected 94 gold pieces.
You spent 33 gold pieces at shops.

Inventory:

Armour
 b - a +0 cloak (worn)
 c - a +2 leather armour of fire resistance (worn)
 e - a +0 pair of gloves (worn)
Jewellery
 a - a +6 ring of intelligence
Wands
 i - a wand of flame (15) (quivered)
Scrolls
 d - 2 scrolls of noise
 f - a scroll of blinking
 g - 2 scrolls of immolation
 h - 2 scrolls of teleportation
 j - a scroll of enchant weapon {unknown}
 k - a scroll of amnesia {unknown}
 l - a scroll of vulnerability {unknown}


   Skills:
 + Level 5.1 Fighting
 - Level 1.5 Armour
 - Level 1.5 Dodging
 + Level 4.2 Unarmed Combat


You had 4 spell levels left.
You didn't know any spells.
Your spell library was empty.

Dungeon Overview and Level Annotations

Branches:
Dungeon (5/15)             Temple (0/1) D:4

Altars:
Zin

Shops:
D:2 [?   D:3 *

Annotations:
D:4 Sigmund


Innate Abilities, Weirdness & Mutations

You are immune to poison.
Your flesh is cold resistant. (rC+)
You are immune to negative energy. (rN+++)
You are immune to unholy pain and torment.
You are vulnerable to heat. (rF-)
You do not drink.


Message History

You miss something.
You hear some strange, mumbled words.
A puff of flame appears from out of thin air!
The puff of flame hits you but does no damage.
You hit something. Something hits you.
You closely miss something. Something hits you.
You closely miss something. You completely miss something. Something hits you.
You barely miss something.
You feel the effects of Trog's Hand fading.
You hit something but do no damage. Something hits you. Something freezes you.
You miss something. Something hits you but does no damage.
You barely miss something. You barely miss something. Something hits you!
You closely miss something. You miss something. You punch something!
Something hits you! Something freezes you.
You hit something.
Your skin stops crawling.
You feel less strong-willed.
You hear some strange, mumbled words.
You are confused.
You can't drink.
Unknown command.
You miss something. Something hits you.
You bump into the rock wall.
Something hits you.
You're too confused to move!
Something hits you.
You feel less confused.
You hear some strange, mumbled words.
A magic dart appears from out of thin air!
The magic dart hits you.
* * * LOW HITPOINT WARNING * * *
Something hits you.
* * * LOW HITPOINT WARNING * * *
You can't drink.
Your skin crawls.
You feel strong-willed.
You hear some strange, mumbled words.
A puff of flame appears from out of thin air!
The puff of flame hits you!
You die...

#.##.##.#...........#
#.##....#.......###.#
#.#####.#.#####.# #.######
#.#####.#.......# #......#
#.......################.####
#######.# #.....# #.......# #.#
#.>...# #.##.##.# #.# #.{...#
#.##.##.# ##.##
#...@.####.##.##.#
###.#.###...[......##.##.#
#..###.###########.##.##.#
####.#.#.## #..!.<..#
#.......########### #.##.####
#.##.##.#.........# #.##.#
#.##.##.#...#####.###.##.# ##
#.##......#..............######.
#.#####...............###.......


There were no monsters in sight!

Vanquished Creatures
  A hound (D:4)
  An iguana (D:4)
  4 gnolls (D:4)
  3 adders
  An ufetubus (D:4)
  3 worms
  3 dart slugs
  5 orcs
  7 endoplasms
  7 giant cockroaches
  5 hobgoblins
  6 jackals
  4 quokkas
  11 ball pythons
  7 bats
  3 frilled lizards
  6 goblins
  9 kobolds
  A quokka skeleton (D:2)
  10 rats
97 creatures vanquished.

Notes
Turn   | Place    | Note
-------+----------+-------------------------------------------
     0 | D:1      | Gabide the Mummy Berserker began the quest for the Orb.
     0 | D:1      | Reached XP level 1. HP: 18/18 MP: 1/1
   306 | D:1      | Reached XP level 2. HP: 19/24 MP: 2/2
   619 | D:1      | Found a faded altar of an unknown god.
  1097 | D:1      | Reached ** piety under Trog
  1200 | D:1      | Reached XP level 3. HP: 25/29 MP: 3/3
  1720 | D:2      | Found Lileeq's Antique Armour Emporium.
  1983 | D:2      | Reached skill level 4 in Fighting
  2041 | D:2      | Reached XP level 4. HP: 31/37 MP: 4/4
  2286 | D:2      | Found Qifaq's Magic Scroll Shoppe.
  2364 | D:2      | Bought a scroll of teleportation for 33 gold pieces
  2387 | D:2      | You fall into a shaft and drop 1 floor!
  2767 | D:3      | Reached *** piety under Trog
  3250 | D:3      | Found Henicoh's General Store.
  3407 | D:4      | Found a staircase to the Ecumenical Temple.
  3665 | D:4      | Reached XP level 5. HP: 43/43 MP: 5/5
  4136 | D:4      | Reached skill level 5 in Fighting
  4495 | D:5      | Entered Level 5 of the Dungeon
  4495 | D:5      | Noticed Sigmund
  4523 | D:4      | Killed from afar by Sigmund

Illustrated notes

Levels and vault maps discovered:
D:1:      dpeg_arrival_round_b, layout_basic,
          hellmonk_ecumenical_altar_lost_god, chequers_arboretum, st_stairs_11,
          minmay_fountain_box
D:2:      layout_loops_corners, serial_shops, shop, shop
D:3:      layout_rooms, serial_shops, nicolae_shop_hallway_stairs
D:4:      layout_loops_cross, mainiacjoe_overflow_tiny_flanked,
          minmay_temple_entry_large_hall
D:5:      layout_rooms, gammafunk_ghost_cemetery, serial_shops, shop,
          minmay_misc_feat_columns, nicolae_elevator_lobby_asterisk,
          uniq_sigmund, uniq_prince_ribbit1

Skill      XL: |  1  2  3  4  5 |
---------------+----------------+-----
Unarmed Combat | 3 4 |  4.2
Fighting       | 4 5 |  5.1
Armour         | |  1.5
Dodging        | |  1.5

Action                   |  1- 3 |  4- 6 || total
-------------------------+-------+-------++-------
Melee: Unarmed           |   174 |   260 ||   434
       Punch             |     2 |     6 ||     8
Invok: Trog's Hand       |       |     3 ||     3
Evoke: Wand              |       |     4 ||     4
  Use: Scroll            |       |     3 ||     3
 Stab: Sleeping          |     2 |     1 ||     3
Armor: Animal skin       |    35 |    53 ||    88
       Leather armour    |       |    26 ||    26
Dodge: Dodged            |   109 |   155 ||   264
